 Dungeon Crawl Stone Soup version 0.28.0-49-g6dfe1f597d (webtiles) character file.

Game seed: 16589763972216480083

463 GigaChad the Covered (level 6, -16/55 HPs)
             Began as a Minotaur Fighter on May 11, 2022.
             Demolished by an ogre
             ... wielding a +0 giant spiked club
              (21 damage)
             ... on level 3 of the Dungeon.
             The game lasted 00:04:53 (4410 turns).

GigaChad the Covered (Minotaur Fighter)             Turns: 4410, Time: 00:04:54

Health: -16/55     AC:  7    Str: 21    XL:     6   Next: 79%
Magic:  5/5        EV:  9    Int:  5    God:
Gold:   89         SH:  5    Dex: 11    Spells: 5/5 levels left

rFire   . . .      SeeInvis .   a - +0 long sword
rCold   . . .      Faith    .   c - +0 buckler
rNeg    . . .      Spirit   .   b - +0 scale mail
rPois   .          Reflect  .   (helmet restricted)
rElec   .          Harm     .   (no cloak)
rCorr   .          Rampage  .   (no gloves)
Will    .....                   (no boots)
Stlth   ..........              (no amulet)
HPRegen 0.18/turn               (no ring)
MPRegen 0.09/turn               (no ring)

@: no status effects
A: horns 2, retaliatory headbutt
a: no special abilities


You were on level 3 of the Dungeon.
You visited 1 branch of the dungeon, and saw 4 of its levels.

You collected 89 gold pieces.

Inventory:

Hand Weapons
 a - a +0 long sword (weapon)
 q - a +0 scythe
Armour
 b - a +0 scale mail (worn)
 c - a +0 buckler (worn)
Jewellery
 i - a ring of fire
 m - a +6 ring of dexterity
Wands
 t - a wand of iceblast (7)
Scrolls
 e - a scroll of enchant weapon {unknown}
 g - 4 scrolls of identify {unknown}
 j - a scroll of vulnerability {unknown}
 k - 3 scrolls of teleportation {unknown}
 l - 2 scrolls of magic mapping {unknown}
 n - a scroll of fog {unknown}
 p - a scroll of blinking {unknown}
 u - 2 scrolls of summoning {unknown}
Potions
 d - a potion of might
 f - 2 potions of invisibility {unknown}
 h - a potion of degeneration {unknown}
 o - a potion of ambrosia {unknown}
 r - a potion of berserk rage {unknown}
 s - a potion of heal wounds {unknown}


   Skills:
 + Level 4.9 Fighting
 + Level 5.4 Long Blades
 + Level 6.0 Armour
 + Level 1.1 Dodging
 + Level 0.7 Stealth
 + Level 4.7 Shields


You had 5 spell levels left.
You didn't know any spells.
Your spell library contained the following spells:

 Spells                   Type           Power      Damage    Failure   Level
 Beastly Appendage        Tmut           0%         N/A       87%         1


Dungeon Overview and Level Annotations

Branches:
Dungeon (4/15)
 Temple: D:4-7

Altars:

Shops:
D:2 [


Innate Abilities, Weirdness & Mutations

You have a pair of horns on your head.
You reflexively headbutt those who attack you in melee.


Message History

You climb downwards.
You hear the sound of rushing water.
There is an entrance to a sewer on this level.
Hurry and find it before the portal rusts away!
The white imp shouts, "Scamper home, thou ducking half-faced dingleberry!"
The ogre shouts!
The gnoll shaman shouts!
The gnoll shouts!
You hear a shout!
Found a ring mail and a scroll labelled BULIMPU EHINATZ.
There is a stone staircase leading up here.
The ogre hits you with a +0 giant spiked club!
You climb upwards.
There is a stone staircase leading down here.
You hit the ogre.
You headbutt the ogre, but do no damage.
The ogre is lightly wounded.
You barely miss the ogre. You headbutt the ogre.
The ogre is moderately wounded.
The ogre closely misses you. You furiously retaliate!
You headbutt the ogre! You slash the ogre!
The ogre is almost dead.
The ogre hits you with a +0 giant spiked club!
You hit the ogre but do no damage.
The ogre is almost dead.
The ogre hits you with a +0 giant spiked club!!
* * * LOW HITPOINT WARNING * * *
You completely miss the ogre.
The ogre is almost dead.
You block the ogre's attack.
You barely miss the ogre.
The ogre is almost dead.
The ogre completely misses you. You furiously retaliate!
You headbutt the ogre, but do no damage.
You barely miss the ogre.
The ogre is almost dead.
You block the ogre's attack.
You hit the ogre but do no damage. Your headbutt misses the ogre.
The ogre is almost dead.
The ogre barely misses you.
You hit the ogre.
The ogre is almost dead.
The ogre hits you with a +0 giant spiked club!!
You die...

...###..####..##.#
#.......#
#.......## ##.##.#
#.⌠.⌠.⌠.#
#..##....# #..#.#
#.......#
.........# ##.#.#
#<....).'
#.#.#....### #.#.#
#.......#
......#+##.###.#.#
#.⌠.⌠.⌠.#
....#.......##...#
#.......#
...####.##.####..#
#########
#.......##.....O@#
...####.##..######
#..####.##..##
#............#
#.#####.....## #.#
####..# ..# #..#
### #.## # ###


You could see an ogre.

Vanquished Creatures
  Sigmund (D:3)
  An ogre (D:3)
  A phantom (D:3)
  A scorpion (D:3)
  A centaur skeleton (D:3)
  A worm (D:2)
  A dart slug (D:2)
  A bat (D:3)
  5 endoplasms
  4 giant cockroaches
  2 goblins
  6 hobgoblins
  6 jackals
  4 quokkas
  7 ball pythons
  3 frilled lizards
  6 kobolds
  9 rats
60 creatures vanquished.

Notes
Turn   | Place    | Note
-------+----------+-------------------------------------------
     0 | D:1      | GigaChad the Minotaur Fighter began the quest for the Orb.
     0 | D:1      | Reached XP level 1. HP: 19/19 MP: 0/0
   606 | D:1      | Reached XP level 2. HP: 21/27 MP: 1/1
  1153 | D:1      | Reached skill level 4 in Armour
  1799 | D:2      | Reached XP level 3. HP: 21/33 MP: 2/2
  2286 | D:2      | Found a faded altar of an unknown god.
  2301 | D:2      | Got Plato's Compendium of Transmutation
  2517 | D:2      | Found Xoseghae's Antique Armour Boutique.
  2772 | D:3      | Reached XP level 4. HP: 35/40 MP: 3/3
  2937 | D:3      | Noticed a scorpion
  2946 | D:3      | Killed a scorpion
  2947 | D:3      | Reached XP level 5. HP: 19/47 MP: 4/4
  3413 | D:3      | Noticed a phantom
  3419 | D:3      | Killed a phantom
  3420 | D:3      | Reached skill level 5 in Armour
  3445 | D:3      | Noticed Sigmund
  3462 | D:3      | Killed Sigmund
  3463 | D:3      | Reached skill level 5 in Long Blades
  3463 | D:3      | Reached skill level 1 in Dodging
  3463 | D:3      | Reached XP level 6. HP: 54/55 MP: 5/5
  3834 | D:3      | HP: 2/55 [goblin/+0 dagger (1)]
  3835 | D:3      | Reached skill level 6 in Armour
  4410 | D:3      | Demolished by an ogre

Illustrated notes

Levels and vault maps discovered:
D:1:      dpeg_arrival_circle_labyrinth_c, layout_basic, kennysheep_flooded_box
D:2:      layout_rooms, serial_shops, nicolae_shop_crystal,
          shapermc_ecumenical_altar_rom_forum, hangedman_glass_teeth,
          kennysheep_cross_room, nrook_mini_vaults
D:3:      layout_basic, grunt_ministairs_3, uniq_sigmund
D:4:      layout_rooms, trog_hazing_becter, general_overflow_altar,
          mainiacjoe_overflow_tiny_flanked, portal_sewer_entry_a,
          minmay_small_thing

Skill      XL: |  1  2  3  4  5  6 |
---------------+-------------------+-----
Fighting       | 4 |  4.9
Shields        | 4 |  4.7
Armour         | 4 5 6 |  6.0
Long Blades    | 3 5 |  5.4
Dodging        | 1 |  1.1
Stealth        | |  0.7

Action                   |  1- 3 |  4- 6 || total
-------------------------+-------+-------++-------
Melee: Long sword        |    89 |    48 ||   137
       Headbutt          |    13 |    10 ||    23
Armor: Scale mail        |    53 |    20 ||    73
Dodge: Dodged            |    53 |    23 ||    76
Block: Buckler           |    35 |    18 ||    53
